Map: Data-C

Players

Raza

  • Race: Terran Terran
  • Spawn Location: 3:00

TeebuL - Winner!

  • Race: Protoss Protoss
  • Spawn Location: 9:00

Event: DreamHack SC2 Masters 2022 Atlanta (Online)

VOD

Have the link to the VOD?

Description

Time

  • Played on: Sept. 28, 2022, 4:15 a.m.
  • Length: 14:23

All games in this series

Show
View Real Time Build Order
Export as new Build Order

Raza Terran 

Build Orders:  

Get SALT Encoding   

  12  0:00  SCV  
  13  0:12  SCV  
  14  0:16  Supply Depot  
  14  0:24  SCV  
  15  0:38  SCV, Barracks  
  16  0:45  Refinery  
  16  0:50  SCV  
  17  1:02  SCV  
  18  1:14  SCV  
  19  1:25  Marine  
  20  1:27  Orbital Command  
  20  1:42  Command Center  
  20  1:54  Factory  
  20  2:00  Marine  
  22  2:04  Bunker  
  21  2:10  Supply Depot  
  21  2:13  SCV  
  22  2:20  Barracks Reactor  
  22  2:25  SCV, Refinery  
  23  2:37  SCV  
  23  2:40  Factory Tech Lab  
  23  2:42  Barracks  
  24  2:51  SCV  
  25  2:56  Orbital Command  
  28  3:05  Siege Tank  
  28  3:09  Marine  
  28  3:11  Marine  
  30  3:14  SCV  
  31  3:27  Marine  
  31  3:29  SCV, Marine  
  34  3:34  Orbital Command  
  34  3:37  Starport  
  34  3:44  SCV  
  34  3:46  Marine  
  36  3:48  Stimpack  
  36  3:49  Marine  
  36  3:50  Factory Tech Lab  
  36  3:56  SCV  
  36  4:01  Supply Depot  
  36  4:02  SCV  
  38  4:07  Marine x2  
  38  4:08  SCV  
  41  4:13  Siege Tank  
  41  4:14  SCV  
  45  4:30  Medivac, Marine x2  
  45  4:31  Marine  
  49  4:35  Engineering Bay  
  49  4:45  SCV  
  49  4:48  Marine  
  49  4:49  Marine  
  49  4:50  Marine  
  53  4:57  SCV  
  53  4:59  Barracks  
  53  5:06  Marine  
  54  5:13  Missile Turret  
  54  5:14  SCV, Marine  
  54  5:16  Supply Depot  
  54  5:20  Marine  
  57  5:22  Medivac  
  57  5:24  Marine  
  56  5:31  Combat Shield  
  54  5:36  SCV x2  
  54  5:38  Marauder  
  58  5:48  SCV x2, Factory Reactor  
  59  5:56  Marine x2  
  56  6:00  SCV x2, Marauder  
  58  6:07  Refinery  
  58  6:08  Refinery  
  56  6:12  SCV  
  56  6:13  SCV  
  56  6:15  Marine x2  
  60  6:19  Command Center  
  60  6:25  SCV x2  
  62  6:30  Marauder  
  64  6:34  Marauder  
  64  6:36  Marine x2  
  64  6:37  SCV x2  
  68  6:48  Terran Infantry Weapons Level 1  
  68  6:49  SCV x2  
  68  6:56  Concussive Shells  
  68  7:01  SCV, Widow Mine  
  70  7:09  SCV  
  70  7:13  SCV, Widow Mine  
  70  7:19  Marauder  
  70  7:21  SCV  
  73  7:24  Starport Reactor  
  73  7:26  SCV, Marauder  
  73  7:29  Supply Depot  
  76  7:32  Marine x2  
  76  7:33  SCV, Orbital Command  
  79  7:38  SCV  
  79  7:39  Widow Mine  
  79  7:40  Widow Mine, Marauder  
  86  7:48  SCV  
  86  7:50  Marauder, Marine  
  86  7:51  SCV  
  87  8:00  SCV, Medivac x2  
  87  8:03  SCV  
  93  8:06  Marauder, Marine  
  93  8:10  SCV  
  93  8:12  SCV  
  98  8:16  Marine  
  98  8:17  Marauder  
  101  8:20  Orbital Command  
  101  8:21  Supply Depot  
  101  8:24  SCV  
  102  8:27  Missile Turret  
  102  8:30  Marine  
  102  8:31  Marauder  
  102  8:32  Medivac  
  107  8:35  Medivac  
  109  8:43  SCV x2, Marauder, Marine  
  114  8:51  Marine  
  114  8:52  Marauder  
  115  8:56  SCV x2  
  115  9:00  Marine  
  111  9:05  Marauder  
  111  9:06  Missile Turret  
  111  9:09  Marine  
  112  9:13  Marauder  
  106  9:18  Marine  
  106  9:19  SCV  
  106  9:20  SCV, Orbital Command  
  107  9:25  Marine  
  107  9:27  Marine  
  94  9:34  SCV, Marine  
  94  9:36  Marine  
  79  9:44  Marauder, Marine  
  75  9:51  Orbital Command  
  75  9:52  Marine  
  73  9:54  Marine  
  73  10:02  Marine  
  73  10:05  Marine  
  75  10:07  Supply Depot  
  75  10:12  Marine  
  76  10:20  SCV, Marine  
  75  10:30  Marine  
  74  10:37  SCV x2  
  74  10:38  Barracks, Marine  
  74  10:39  SCV  
  78  10:53  Marine  
  78  10:55  SCV  
  78  10:56  Marine  
  81  10:58  SCV x2, Starport  
  79  11:07  SCV  
  79  11:10  SCV  
  69  11:15  Marine x2  
  69  11:20  SCV  
  69  11:22  SCV  
  67  11:31  Orbital Command  
  61  11:33  SCV  
  61  11:35  SCV  
  61  11:38  Marine x2  
  62  11:45  SCV  
  54  11:48  SCV  
  49  11:56  Marine x2  
  49  11:57  SCV  
  49  11:59  Orbital Command  
  49  12:00  SCV  
  53  12:03  Widow Mine x2  
  53  12:07  Barracks Tech Lab  
  57  12:09  SCV  
  57  12:13  SCV  
  59  12:21  SCV  
  59  12:25  SCV  
  59  12:27  SCV  
  59  12:32  Marine x2  
  59  12:33  SCV  
  59  12:34  Marauder  
  62  12:37  SCV  
  62  12:39  SCV  
  62  12:43  Engineering Bay  
  64  12:45  Orbital Command  
  64  12:49  SCV  
  64  12:50  Marine  
  66  12:54  Marine  
  67  12:58  Barracks, Marauder  
  67  13:00  Barracks, SCV  
  67  13:05  Supply Depot  
  70  13:09  Marine  
  70  13:10  SCV  
  70  13:12  Marine  
  72  13:17  Missile Turret  
  72  13:19  Marine  
  73  13:26  Marine  
  73  13:30  SCV, Marine  
  60  13:37  Marine  
  56  13:44  Marine  
  56  13:47  SCV  
  56  13:48  Marine  
  56  13:56  Marauder  
  56  13:59  Barracks Tech Lab x2  
  56  14:00  SCV x3  
  56  14:02  Marine, Starport Reactor  
  61  14:11  Barracks  
Show
View Real Time Build Order
Export as new Build Order

TeebuL Protoss - Winner!

Build Orders:  

Get SALT Encoding   

  12  0:00  Probe  
  13  0:13  Probe  
  14  0:16  Pylon  
  14  0:25  Probe  
  15  0:35  Gateway  
  15  0:38  Probe  
  16  0:44  Assimilator  
  16  0:50  Probe  
  17  0:57  Pylon  
  17  1:02  Probe  
  18  1:15  Gateway  
  19  1:23  Cybernetics Core  
  18  1:26  Probe  
  18  1:32  Zealot  
  21  1:38  Probe  
  22  1:50  Probe  
  23  1:58  Adept (Chrono Boost)  
  23  1:59  Stalker (Chrono Boost)  
  27  2:14  Warp Gate  
  27  2:20  Stalker (Chrono Boost)  
  29  2:37  Nexus  
  29  2:39  Pylon  
  29  2:49  Probe  
  30  2:58  Assimilator  
  30  3:02  Probe  
  31  3:14  Probe (Chrono Boost)  
  32  3:26  Robotics Facility, Probe (Chrono Boost)  
  33  3:33  Probe (Chrono Boost)  
  34  3:40  Probe  
  35  3:45  Gateway  
  35  3:52  Probe  
  35  3:53  Probe  
  37  4:04  Probe  
  37  4:05  Probe  
  37  4:08  Stalker  
  37  4:09  Stalker  
  41  4:13  Warp Prism  
  41  4:16  Probe  
  44  4:18  Probe  
  45  4:28  Probe  
  45  4:30  Probe  
  45  4:32  Stalker x2  
  45  4:35  Pylon  
  49  4:40  Probe  
  49  4:42  Probe  
  49  4:49  Pylon  
  49  4:53  Observer, Probe  
  49  4:54  Probe  
  49  4:56  Stalker  
  49  4:57  Stalker x2  
  58  5:05  Probe  
  59  5:07  Assimilator  
  59  5:08  Assimilator  
  59  5:12  Probe  
  60  5:14  Pylon  
  60  5:19  Probe  
  61  5:24  Probe, Stalker x2  
  66  5:32  Probe  
  66  5:35  Robotics Bay  
  67  5:36  Probe  
  67  5:40  Shield Battery  
  68  5:45  Stalker  
  66  5:50  Probe  
  62  5:58  Probe  
  62  6:02  Probe (Chrono Boost)  
  64  6:10  Probe (Chrono Boost)  
  65  6:13  Extended Thermal Lance  
  65  6:14  Probe (Chrono Boost)  
  65  6:15  Observer  
  65  6:16  Twilight Council  
  66  6:18  Pylon  
  66  6:19  Colossus (Chrono Boost)  
  66  6:20  Probe (Chrono Boost)  
  66  6:22  Probe (Chrono Boost), Pylon  
  66  6:25  Pylon  
  72  6:32  Zealot x2  
  74  6:34  Zealot  
  78  6:41  Probe  
  75  6:58  Stalker x3  
  75  7:00  Observer  
  75  7:01  Colossus (Chrono Boost)  
  87  7:12  Charge (Chrono Boost)  
  87  7:15  Probe x2  
  87  7:19  Dark Shrine  
  87  7:26  Zealot  
  87  7:27  Zealot  
  87  7:29  Nexus, Sentry  
  93  7:32  Pylon  
  93  7:35  Probe  
  94  7:42  Gateway  
  94  7:50  Probe x2  
  96  7:53  Pylon  
  96  7:58  Gateway  
  96  7:59  Gateway  
  96  8:02  Sentry x2  
  96  8:03  Probe x2  
  102  8:11  Disruptor (Chrono Boost)  
  105  8:15  Probe x2  
  105  8:17  Pylon  
  108  8:27  Probe  
  108  8:30  Gateway  
  108  8:31  Dark Templar  
  110  8:36  Dark Templar, Pylon  
  110  8:37  Probe  
  113  8:43  Disruptor (Chrono Boost), Probe  
  117  8:50  Zealot  
  117  8:53  Probe  
  118  8:56  Probe  
  118  8:57  Zealot x2  
  119  9:03  Probe  
  119  9:05  Probe  
  119  9:06  Forge  
  119  9:10  Zealot x2  
  119  9:12  Disruptor (Chrono Boost), Dark Templar  
  128  9:19  Zealot  
  128  9:20  Zealot, Probe  
  119  9:27  Zealot  
  102  9:40  Dark Templar x4  
  92  9:47  Zealot x2  
  94  9:55  Disruptor (Chrono Boost)  
  94  9:57  Gateway  
  94  9:58  Gateway x2  
  94  9:59  Shield Battery, Pylon  
  93  10:08  Dark Templar  
  93  10:13  Zealot x5  
  88  10:34  Stalker x3  
  88  10:35  Zealot, Stalker  
  91  10:40  Disruptor (Chrono Boost)  
  93  10:43  Stalker  
  94  10:52  Zealot x2  
  94  10:57  Dark Templar  
  90  10:59  Zealot  
  90  11:00  Zealot  
  91  11:04  Zealot x3  
  91  11:10  Zealot  
  91  11:17  Stalker x2  
  91  11:28  Dark Templar x2  
  91  11:34  Archon  
  91  11:37  Zealot x3  
  85  11:51  Dark Templar  
  85  11:58  Colossus (Chrono Boost)  
  91  12:22  Nexus  
  89  12:24  Zealot x4  
  95  12:33  Dark Templar x2  
  97  12:37  Archon  
  97  12:43  Dark Templar  
  99  12:49  Zealot x2  
  103  12:58  Zealot x2  
  103  13:02  Shield Battery  
  107  13:21  Dark Templar x2  
  107  13:22  Zealot  
  104  13:33  Stalker x2  
  100  13:43  Zealot x2  
  96  13:58  Zealot x2  
  96  13:59  Zealot x2  
  102  14:05  Sentry x3  
Tags
 
Add a new tag
Caveats
  • Supply blocks, unpowered buildings, or Contaminate may cause inaccurate times.
  • Supply counts are checked every 10 seconds.